 Dungeon Crawl Stone Soup version 0.30.1 (webtiles) character file.

Game seed: 1154873138508611587

604 monsoonserge the Insei (level 7, -14/58 HPs)
             Began as a Djinni Transmuter on July 8, 2023.
             Demolished by an ogre
             ... wielding a +0 giant spiked club
              (32 damage)
             ... on level 4 of the Dungeon.
             The game lasted 00:13:00 (3174 turns).

monsoonserge the Insei (Djinni Transmuter)          Turns: 3174, Time: 00:13:01

Health: -14/58     AC:  6    Str: 11    XL:     7   Next: 70%
Gold:   226        EV: 10    Int: 15    God:
                   SH:  0    Dex: 13

rFire   . .          .
                       - Unarmed
rCold   + + +        (shield currently unavailable)
rNeg    . . .        B - melded +3 ring mail of Amorality {Dex+4}
rPois   ∞            r - melded +0 helmet
rElec   .            t - melded scarf {shadows}
rCorr   .            (gloves currently unavailable)
SInv    .            (boots unavailable)
Will    .....        (no amulet)
Stlth   +            n - ring of wizardry
HPRegen 0.29/turn    o - ring of protection from fire
MPRegen 0.00/turn

%: wizardry (x1), infuse magic (-15 HP)
@: ice-form (expiring), flying
A: freezing attack, flying, boosted hp, sickness immunity, large, (fire
resistance 2), (cold vulnerability 1), float, innate caster, HP casting, extra
vitality 1
a: End Transformation


You were on level 4 of the Dungeon.
You were a creature of crystalline ice.
You visited 1 branch of the dungeon, and saw 5 of its levels.

You collected 226 gold pieces.

Inventory:

Hand Weapons
 z - a +0 sling
Missiles
 f - 4 atropa-tipped darts
 w - 6 poisoned darts
Armour
 a - an orb of guile
 r - a +0 helmet (melded)
 t - a scarf of shadows (melded)
 B - the +3 ring mail of Amorality (melded) {Dex+4}
   (You found it on level 5 of the Dungeon)

   Dex:       It affects your dexterity (+4).
Jewellery
 n - a ring of wizardry (left front paw)
 o - a ring of protection from fire (right front paw)
Scrolls
 c - 3 scrolls of identify {unknown}
 e - 2 scrolls of enchant armour {unknown}
 h - 2 scrolls of amnesia {unknown}
 j - 2 scrolls of noise {unknown}
 l - 2 scrolls of immolation {unknown}
 q - 2 scrolls of fog {unknown}
 s - a scroll of acquirement {unknown}
 u - 2 scrolls of magic mapping {unknown}
 v - a scroll of blinking {unknown}
 y - 2 scrolls of teleportation {unknown}
Potions
 b - a potion of lignification
 d - 6 potions of curing {unknown}
 g - a potion of resistance {unknown}
 k - a potion of mutation {unknown}
 m - a potion of magic {unknown}
 p - a potion of haste
 x - 2 potions of flight {unknown}


   Skills:
 + Level 2.0 Fighting
 * Level 2.1 Armour
 + Level 2.8 Dodging
 * Level 5.6 Unarmed Combat
 * Level 4.0 Spellcasting


You knew the following spells:

 Your Spells              Type           Power      Damage    Failure   Level
a - Beastly Appendage     Tmut           30%        N/A       1%          1
b - Wereblood             Tmut           15%        N/A       1%          2
c - Spider Form           Tmut/Pois      15%        N/A       4%          3
d - Ice Form              Ice/Tmut       15%        N/A       13%         4
e - Foxfire               Conj/Fire      60%        2x1d7     1%          1
f - Poisonous Vapours     Pois/Air       30%        N/A       1%          2
g - Passwall              Tmut/Erth      12%        N/A       1%          2
Your spell library was empty.

Dungeon Overview and Level Annotations

Branches:
Dungeon (5/15)
 Temple: D:4-7

Altars:
Ashenzari


Innate Abilities, Weirdness & Mutations

You are a creature of crystalline ice.
You have a powerful freezing melee attack.
You are flying.
Your maximum health is increased.
Your armour is entirely melded.
You are incapable of wielding weapons or throwing items.
You are immune to sickness and miasma.
You are immune to poison.
((Your flesh is very heat resistant. (rF++)))
((You are vulnerable to cold. (rC-)))
You float through the air rather than walking.
You learn spells naturally, not from books.
Your magical power is your life essence.
You have superior vitality. (+4 MHP)


Message History

a +0 dagger; a goblin corpse
Items here: )))) †.
A quokka comes into view.
You punch the quokka! You freeze the quokka.
You kill the quokka!
u - 2 scrolls labelled AFREGGACKU (gained 1)
There are no items here.
An orc comes into view. It is wielding a +0 club.
The orc moves out of view.
An orc comes into view. It is wielding a +0 dagger of venom.
You see here 8 gold pieces.
You now have 226 gold pieces (gained 8).
The orc shouts!
You hear a shout! x3
The orc hits you but does no damage.
You hit the orc. You freeze the orc.
You kill the orc!
An orc comes into view. It is wielding a +0 club.
You see here a +0 dagger of venom.
You punch the orc! You freeze the orc.
You kill the orc!
You hit the orc. You freeze the orc.
The orc is heavily wounded.
The orc closely misses you.
You hit the orc. You freeze the orc.
You kill the orc!
Items here: )) [ †.
Okay, then.
Found a broken altar of Ashenzari.
An ogre and an orc come into view.
Found 18 gold pieces.
Your transformation is almost over.
The ogre shouts!
The orc shouts!
You hear a bark!
There is an open door here.
The ogre hits you with a +0 giant spiked club!!
Ouch! That really hurt!
You completely miss the ogre. You barely miss the ogre.
The ogre hits you with a +0 giant spiked club!!
Ouch! That really hurt!
You die...

.#. #⌠.##'##.⌠# ..##
.$....... ..#
###.......#####.# #
.........#...#.# .#
+..._...+...#.##.#
#.....o.#...#....#
##........#.##...##
#....YO...#....#.#
#⌠..#'##.⌠#.))##.#####
#.##...####.#.#......#
.. #...))...)))......#
# #...#.............#
##'##.............#
..................#
######.............#
#.#.######.####


You could see an ogre and an orc.

Vanquished Creatures
  Menkaure (D:5)
  An ice beast (D:5)
  An ogre (D:5)
  A bullfrog (D:5)
  A hound (D:5)
  A jelly (D:5)
  An orc wizard (D:5)
  Robin (D:4)
  5 adders
  2 worms
  3 dart slugs
  5 orcs
  9 ball pythons
  8 endoplasms
  7 giant cockroaches
  19 goblins
  6 hobgoblins
  7 quokkas
  6 bats
  4 frilled lizards
  6 kobolds
  7 rats
102 creatures vanquished.

Vanquished Creatures (others)
  119 foxfires
119 creatures vanquished.

Grand Total: 221 creatures vanquished

Notes
Turn   | Place    | Note
-------+----------+-------------------------------------------
     0 | D:1      | monsoonserge the Djinni Transmuter began the quest for the
                  | Orb.
     0 | D:1      | monsoonserge set off with the following spells memorised:
                  | Beastly Appendage, Wereblood, Spider Form, Ice Form.
     0 | D:1      | Reached XP level 1. HP: 17/17 MP: 0/0
   111 | D:1      | Reached XP level 2. HP: 14/22 MP: 0/0
   454 | D:1      | Reached XP level 3. HP: 23/27 MP: 0/0
   454 | D:1      | Learned a level 1 spell: Foxfire
   610 | D:1      | You are sucked into a shaft and drop 1 floor!
  1064 | D:2      | Reached skill level 4 in Unarmed Combat
  1064 | D:2      | Reached XP level 4. HP: 29/32 MP: 0/0
  1523 | D:2      | Identified the +0 ring mail "Otuo" {-Cast Str-3 Dex+6 SInv}
  1979 | D:3      | Reached XP level 5. HP: 34/37 MP: 0/0
  1979 | D:3      | Learned a level 2 spell: Poisonous Vapours
  2556 | D:4      | Noticed Robin
  2561 | D:5      | Entered Level 5 of the Dungeon
  2641 | D:5      | Noticed Menkaure
  2648 | D:5      | Killed Menkaure
  2649 | D:5      | Reached skill level 1 in Armour
  2649 | D:5      | Reached XP level 6. HP: 37/42 MP: 0/0
  2747 | D:5      | Noticed an ice beast
  2759 | D:5      | Killed an ice beast
  2760 | D:5      | Reached skill level 5 in Unarmed Combat
  2760 | D:5      | Reached XP level 7. HP: 36/47 MP: 0/0
  2760 | D:5      | Learned a level 2 spell: Passwall
  2960 | D:5      | Identified the +3 ring mail of Amorality {Dex+4}
  3130 | D:4      | Killed Robin
  3170 | D:4      | Found a broken altar of Ashenzari.
  3174 | D:4      | Demolished by an ogre

Illustrated notes

Levels and vault maps discovered:
D:1:      wander_arrival_chamber, layout_basic, chequers_serial_rivers_room_a,
          minmay_door_square
D:2:      minmay_razor_zed, layout_loops_ring,
          nicolae_concentric_dashed_squares_mild
D:3:      layout_rooms, serial_glass, glass_columns_a, glass_columns_c,
          glass_columns_c, glass_columns_a, due_unseen_surprise
D:4:      layout_basic, evilmike_ruin_ashenzari, serial_bayou_lagoon_a,
          uniq_edmund, uniq_pikel, uniq_robin
D:5:      layout_gridville, okawaru_trees_1, uniq_menkaure, uniq_ijyb

Skill      XL: |  1  2  3  4  5  6  7 |
---------------+----------------------+-----
Spellcasting   | 2 3 4 |  4.0
Unarmed Combat | 4 5 |  5.6
Armour         | 1 2 |  2.1
Fighting       | 2 |  2.0
Dodging        | |  2.8

Action                     |  1- 3 |  4- 6 |  7- 9 || total
---------------------------+-------+-------+-------++-------
  Melee: Unarmed           |    94 |    62 |    37 ||   193
         Punch             |     2 |     3 |       ||     5
         Headbutt          |     6 |     7 |       ||    13
   Cast: Beastly Appendage |    17 |    11 |       ||    28
         Foxfire           |     8 |    63 |       ||    71
         Spider Form       |       |     4 |     1 ||     5
         Ice Form          |       |     1 |     2 ||     3
         Passwall          |       |       |     2 ||     2
 Armour: Robe              |    14 |       |       ||    14
         Leather armour    |       |     6 |       ||     6
         Skin              |       |       |    15 ||    15
         Ring mail         |       |       |     6 ||     6
  Dodge: Dodged            |    51 |    41 |    20 ||   112
